[Event "8th Brazilian Open SESC Caioba 2024"]
[Site "Caioba"]
[Date "2024.06.30"]
[Round "9.5"]
[White "Rodi, Luis Ernesto"]
[Black "Di Berardino, Diego Rafael"]
[Result "0-1"]
[ECO "C01"]
[WhiteElo "2208"]
[BlackElo "2473"]
[Annotator "TA"]
[PlyCount "108"]
[EventDate "2024.06.15"]
[EventCountry "BRA"]
[SourceTitle "playchess.com"]
[Source "ChessBase"]
[SourceQuality "1"]
[TimeControl "5400+30"]

1. e4 e6 2. d4 d5 3. Nc3 Nf6 4. exd5 exd5 5. Bg5 c6 6. Bd3 Be7 7. Qd2 O-O 8. O-O-O b5 9. Re1 {[%emt 0:01:02] The position is equal.} Be6 10. Nf3 Na6 11. Kb1 Nb4 12. Ne5 Rc8 13. Qf4 {[%emt 0:04:04] [#]} (13. Bxf6 $15 Bxf6 14. f4) 13... Nh5 (13... c5 $1 $17) 14. Bxe7 $11 Nxf4 15. Bxd8 Rfxd8 16. g3 ({Much worse is} 16. Bf1 Bf5 17. Rc1 c5 18. Nxb5 a6 $17) 16... Nfxd3 17. Nxd3 Nxd3 18. cxd3 Bf5 19. Kc2 c5 20. dxc5 Rxc5 {[%emt 0:00:25] Hoping for ...d4.} 21. Kd2 b4 22. Ne2 d4 23. Rc1 Ra5 24. Rc4 Rxa2 25. Rxb4 a5 26. Rb6 h6 27. Rc1 a4 28. Rc5 ({White should try} 28. Rb1 $14 a3 29. Rb4) 28... a3 29. Rxf5 {[%emt 0:17:42] Rfb5 is the strong threat.} axb2 30. Kd1 {[%emt 0:00:05] [#] White is now going downhill.} (30. Kc2 $1 $11 {was the only way to keep the balance.} b1=R+ 31. Kxb1 Rxe2 32. Rb7) 30... Re8 $1 $36 {[%emt 0:03:56][%mdl 2048] Black is really pushing.} 31. Nxd4 {[%emt 0:00:42] Black must now prevent Rfb5.} Rc8 32. Ne2 {[%emt 0:06:35] Prevents Rc1+.} (32. Nc2 $17 {was worth a try.}) 32... Ra1+ $19 33. Kd2 b1=Q ({Worse is} 33... b1=B 34. Rbb5 $16) 34. Rxb1 Rxb1 {[%emt 0:00:07][%mdl 4096] Endgame. KRR-KRN} 35. Nf4 (35. Re5 {was necessary.}) 35... Rb2+ 36. Ke3 Rcc2 37. Nh3 g6 38. Rd5 Kg7 39. Kf3 Rd2 40. Ke3 Rd1 41. Nf4 Rf1 42. Rd7 $2 (42. Nh3 {was the only chance.}) 42... Rbxf2 {[%emt 0:00:36] Black is clearly winning.} ({Weaker is} 42... Rfxf2 43. h3 $19) 43. d4 Rxh2 44. Ne6+ Kg8 45. Rd8+ Kh7 46. Nf4 Re1+ 47. Kf3 Ra2 48. Rd7 Kg8 49. d5 Ra3+ 50. Kf2 Rb1 {[%emt 0:01:44] ...Rb2+ would now be deadly.} 51. d6 Rb2+ 52. Ne2 Rd3 53. Rd8+ Kg7 54. d7 Rbd2 {[%emt 0:00:32] Weighted Error Value: White=0.26 (precise) /Black=0.07 (flawless) .  Mistake:       	White=6     	Black=1      Inaccurate:     	---       	Black=3      OK:         	White=13    	Black=17     Best:        	White=3     	Black=6      Strong:       	---       	Black=1} 0-1

[Event "8th Brazilian Open SESC Caioba 2024"]
[Site "Caioba"]
[Date "2024.06.30"]
[Round "9.6"]
[White "Do Valle Cardoso, Lucas"]
[Black "Cubas, Jose Fernando"]
[Result "1-0"]
[ECO "B51"]
[WhiteElo "2356"]
[BlackElo "2417"]
[Annotator "RC"]
[PlyCount "95"]
[EventDate "2024.06.15"]
[EventCountry "BRA"]
[SourceTitle "playchess.com"]
[Source "ChessBase"]
[SourceQuality "1"]
[TimeControl "5400+30"]

1. e4 c5 2. Nf3 Nc6 3. Bb5 e5 4. O-O d6 5. c3 Nf6 6. d4 Bd7 7. Re1 Be7 8. Bg5 O-O 9. dxc5 dxc5 10. Nbd2 Ng4 11. Bxe7 Qxe7 12. h3 Nf6 13. Nc4 a6 14. Bxc6 Bxc6 15. Nfxe5 Bxe4 16. Ng4 Nxg4 17. hxg4 f5 18. gxf5 Qh4 19. Nd6 Bc6 20. Qb3+ c4 21. Qxc4+ Qxc4 22. Nxc4 Rxf5 23. Ne5 Bd5 24. b3 Re8 25. Ng4 Rxe1+ 26. Rxe1 Bc6 27. f3 Rd5 28. Kf2 Rd2+ 29. Re2 Rd1 30. Ne5 a5 31. Nxc6 bxc6 32. Ke3 Rd6 33. Rd2 Re6+ 34. Kd3 Rd6+ 35. Kc2 Re6 36. Kb2 h5 37. b4 Kh7 38. Kb3 Re5 39. a4 g6 40. Kc4 Kh6 41. b5 cxb5+ 42. axb5 h4 43. b6 a4 44. b7 Re8 45. Kb4 Rb8 46. Rd7 Kg5 47. c4 Kf4 48. Rg7 1-0

[Event "8th Brazilian Open SESC Caioba 2024"]
[Site "Caioba"]
[Date "2024.06.30"]
[Round "9.7"]
[White "Hoffman, Alejandro"]
[Black "Rodriguez Vila, Andres"]
[Result "0-1"]
[ECO "A43"]
[WhiteElo "2355"]
[BlackElo "2396"]
[Annotator "RC"]
[PlyCount "81"]
[EventDate "2024.06.15"]
[EventCountry "BRA"]
[SourceTitle "playchess.com"]
[Source "ChessBase"]
[SourceQuality "1"]
[TimeControl "5400+30"]

1. Nf3 g6 2. e4 Bg7 3. d4 d6 4. h3 c5 5. d5 Nf6 6. Nc3 O-O 7. a4 e6 8. Be2 exd5 9. exd5 Na6 10. Nd2 Nb4 11. Nc4 Re8 12. O-O Bf5 13. Ne3 Rxe3 14. Bxe3 Nxc2 15. g4 Nxe3 16. fxe3 Bd7 17. Qe1 h5 18. Qg3 hxg4 19. hxg4 Qe7 20. Rf4 Nh7 21. Raf1 Ng5 22. Kg2 Re8 23. Qh4 Ne6 24. dxe6 Qxh4 25. exf7+ Kf8 26. fxe8=Q+ Kxe8 27. Bb5 Bxb5 28. Nxb5 Be5 29. Rf8+ Kd7 30. R1f7+ Kc6 31. Nxa7+ Kd5 32. Nb5 Qxg4+ 33. Kf2 Qh4+ 34. Ke2 Qc4+ 35. Kf2 Qc2+ 36. Kf3 g5 37. Nc3+ Ke6 38. Kg4 Qg2+ 39. Kh5 g4 40. Nb5 Kd5 41. Rf2 0-1

[Event "8th Brazilian Open SESC Caioba 2024"]
[Site "Caioba"]
[Date "2024.06.30"]
[Round "9.9"]
[White "Sunye Neto, Jaime"]
[Black "Amura, Claudia"]
[Result "0-1"]
[ECO "D34"]
[WhiteElo "2398"]
[BlackElo "2167"]
[Annotator "RC"]
[PlyCount "59"]
[EventDate "2024.06.15"]
[EventCountry "BRA"]
[SourceTitle "playchess.com"]
[Source "ChessBase"]
[SourceQuality "1"]
[TimeControl "5400+30"]

1. c4 e6 2. Nf3 d5 3. d4 c5 4. cxd5 exd5 5. g3 Nc6 6. Bg2 Nf6 7. O-O Be7 8. Nc3 O-O 9. Bg5 c4 10. Ne5 Be6 11. e3 h6 12. Bxf6 Bxf6 13. f4 g6 14. Qd2 Rc8 15. Rad1 Ne7 16. Kh1 Bg7 17. e4 a6 18. a4 Qd6 19. exd5 Bxd5 20. Nxd5 Nxd5 21. f5 g5 22. Ng4 Nf6 23. Nxf6+ Bxf6 24. Bxb7 Rb8 25. Qg2 Rfd8 26. Rf2 Bxd4 27. Rfd2 Qf6 28. Bxa6 Qxa6 29. Rxd4 Rxd4 30. Rxd4 0-1

[Event "8th Brazilian Open SESC Caioba 2024"]
[Site "Caioba"]
[Date "2024.06.30"]
[Round "9.10"]
[White "Duarte Napoles, Fanny"]
[Black "Acosta, Pablo Ismael"]
[Result "1/2-1/2"]
[ECO "C11"]
[WhiteElo "2202"]
[BlackElo "2449"]
[Annotator "TA"]
[PlyCount "27"]
[EventDate "2024.06.15"]
[EventCountry "BRA"]
[SourceTitle "playchess.com"]
[Source "ChessBase"]
[SourceQuality "1"]
[TimeControl "5400+30"]

1. e4 e6 2. d4 d5 3. Nc3 Nf6 4. e5 Nfd7 5. f4 c5 6. Nf3 Nc6 7. Be3 cxd4 8. Nxd4 Bc5 9. Qd2 Bxd4 10. Bxd4 Qa5 11. Nb5 {[%emt 0:01:05] [#] Black must now prevent Qxa5. White is slightly better.} Qxd2+ 12. Kxd2 Nxd4 13. Nxd4 a6 {[%emt 1:23:28] [#]} 14. Nb5 $2 {[%emt 0:02:00][%mdl 40960] White did not feel at home in the position after the opening.   Weighted Error Value: White=0.00 (flawless) /Black=0.13 (very precise) .  Loses game:     	White=1     	---        Inaccurate:     	---       	Black=1      OK:         	White=1     	Black=3     . An unexpected result.} 1/2-1/2

[Event "8th Brazilian Open SESC Caioba 2024"]
[Site "Caioba"]
[Date "2024.06.30"]
[Round "9.11"]
[White "Schnaider, Ilan"]
[Black "Piccoli, Lucas Fonseca"]
[Result "1-0"]
[ECO "B33"]
[WhiteElo "2395"]
[BlackElo "2242"]
[Annotator "RC"]
[PlyCount "113"]
[EventDate "2024.06.15"]
[EventCountry "BRA"]
[SourceTitle "playchess.com"]
[Source "ChessBase"]
[SourceQuality "1"]
[TimeControl "5400+30"]

1. e4 c5 2. Nf3 Nc6 3. d4 cxd4 4. Nxd4 Nf6 5. Nc3 e5 6. Ndb5 d6 7. Nd5 Nxd5 8. exd5 Nb8 9. Qf3 a6 10. Qa3 Be7 11. Bg5 f6 12. Bd2 O-O 13. Bb4 Qd7 14. Bd3 b6 15. O-O Rd8 16. Bd2 Qb7 17. Nc3 b5 18. Qb4 f5 19. a4 e4 20. Nxe4 fxe4 21. Qxe4 g6 22. axb5 Bf6 23. Qf4 Be5 24. Qh4 Rf8 25. Bh6 Re8 26. f4 Bd4+ 27. Kh1 Qe7 28. Bg5 Qg7 29. c3 h6 30. Bxh6 Bf6 31. Bg5 Nd7 32. bxa6 Rf8 33. Bxf6 Nxf6 34. Qg5 Kf7 35. a7 Rh8 36. Rfe1 Rh6 37. f5 Kg8 38. fxg6 Bd7 39. Rf1 Ng4 40. Rf7 Qe5 41. Qxe5 Nxe5 42. Bb5 Rxg6 43. Rxd7 Nxd7 44. Bc6 Nb6 45. Bxa8 Nxa8 46. Ra6 Rf6 47. h4 Kf7 48. Rc6 Rf1+ 49. Kh2 Ra1 50. Rxd6 Rxa7 51. c4 Rb7 52. Rd8 Nc7 53. Rd7+ Ke8 54. Rh7 Ra7 55. d6 Nb5 56. Rh8+ Kd7 57. cxb5 1-0

[Event "8th Brazilian Open SESC Caioba 2024"]
[Site "Caioba"]
[Date "2024.06.30"]
[Round "9.12"]
[White "Luz, Arthur Nader"]
[Black "Perdomo, Leandro"]
[Result "0-1"]
[ECO "A48"]
[WhiteElo "2172"]
[BlackElo "2391"]
[Annotator "RC"]
[PlyCount "62"]
[EventDate "2024.06.15"]
[EventCountry "BRA"]
[SourceTitle "playchess.com"]
[Source "ChessBase"]
[SourceQuality "1"]
[TimeControl "5400+30"]

1. d4 Nf6 2. Nf3 g6 3. h4 h5 4. c4 Bg7 5. Nc3 O-O 6. e4 d6 7. Be2 Bg4 8. Bg5 Nfd7 9. Qd2 Nc6 10. Be3 Bxf3 11. Bxf3 e5 12. d5 Nd4 13. Ne2 f5 14. exf5 Nxf5 15. Bg5 Qe8 16. Be4 Nc5 17. Nc3 Nd4 18. O-O b5 19. b3 b4 20. Bxg6 Qxg6 21. Nb5 Ne4 22. Qd3 Nxb5 23. cxb5 Qf5 24. Be3 Nc3 25. Qc4 Qg4 26. Qxg4 hxg4 27. Rfe1 Nxd5 28. Bd2 e4 29. Rac1 Bc3 30. Bxc3 Nxc3 31. a3 d5 0-1

[Event "8th Brazilian Open SESC Caioba 2024"]
[Site "Caioba"]
[Date "2024.06.30"]
[Round "9.13"]
[White "Cori T., Deysi"]
[Black "Bueno, Alfeu Junior Varela"]
[Result "0-1"]
[ECO "A04"]
[WhiteElo "2389"]
[BlackElo "2140"]
[Annotator "RC"]
[PlyCount "44"]
[EventDate "2024.06.15"]
[EventCountry "BRA"]
[SourceTitle "playchess.com"]
[Source "ChessBase"]
[SourceQuality "1"]
[TimeControl "5400+30"]

1. Nf3 e6 2. g3 b6 3. Bg2 Bb7 4. O-O f5 5. d3 Nf6 6. e4 fxe4 7. Ng5 Be7 8. Nc3 O-O 9. h4 Qe8 10. Ncxe4 Nxe4 11. Nxe4 Nc6 12. h5 d5 13. Nc3 Bc5 14. Bf4 Qf7 15. Qg4 Rad8 16. Rae1 Bc8 17. h6 g6 18. Be3 e5 19. Qa4 Nd4 20. b4 Nf3+ 21. Bxf3 Qxf3 22. Nxd5 Be7 0-1

[Event "8th Brazilian Open SESC Caioba 2024"]
[Site "Caioba"]
[Date "2024.06.30"]
[Round "9.14"]
[White "Umetsubo, Cesar Hidemitsu"]
[Black "Cunha, Lucas Aguiar"]
[Result "1-0"]
[ECO "E33"]
[WhiteElo "2362"]
[BlackElo "2239"]
[Annotator "RC"]
[PlyCount "53"]
[EventDate "2024.06.15"]
[EventCountry "BRA"]
[SourceTitle "playchess.com"]
[Source "ChessBase"]
[SourceQuality "1"]
[TimeControl "5400+30"]

1. d4 e6 2. c4 Nf6 3. Nc3 Bb4 4. Qc2 Nc6 5. Nf3 d6 6. Bd2 O-O 7. a3 Bxc3 8. Bxc3 Qe7 9. e4 e5 10. d5 Nd8 11. Be2 c5 12. O-O Bg4 13. Nh4 Nxd5 14. exd5 Qxh4 15. Bd3 Bd7 16. f4 exf4 17. Rf3 f5 18. Raf1 g5 19. Rh3 Qg4 20. Be2 f3 21. Rfxf3 Re8 22. Rf2 Qe4 23. Bd3 Qe7 24. Bxf5 Bxf5 25. Qxf5 Rf8 26. Bf6 Qg7 27. Bxg7 1-0

[Event "8th Brazilian Open SESC Caioba 2024"]
[Site "Caioba"]
[Date "2024.06.30"]
[Round "9.15"]
[White "Martins, Vinicius Tine"]
[Black "Ribeiro, Matheus Mendes Domin"]
[Result "0-1"]
[ECO "D45"]
[WhiteElo "2268"]
[BlackElo "2241"]
[Annotator "RC"]
[PlyCount "132"]
[EventDate "2024.06.15"]
[EventCountry "BRA"]
[SourceTitle "playchess.com"]
[Source "ChessBase"]
[SourceQuality "1"]
[TimeControl "5400+30"]

1. Nf3 d5 2. e3 Nf6 3. c4 e6 4. b3 Bd6 5. Bb2 O-O 6. Nc3 c6 7. d4 Nbd7 8. Qc2 Qe7 9. Rd1 Re8 10. Be2 b6 11. O-O Bb7 12. e4 dxe4 13. Nxe4 Nxe4 14. Qxe4 Nf6 15. Qh4 c5 16. dxc5 Bxc5 17. Bd3 h6 18. Ne5 Rad8 19. Rfe1 Bd6 20. Ng4 Nxg4 21. Qxg4 Qg5 22. Qxg5 hxg5 23. h3 Bb4 24. Rf1 Bc5 25. Bc2 Be7 26. Bc1 Rxd1 27. Rxd1 Rd8 28. Rf1 Bf6 29. Be3 Be7 30. Rc1 f6 31. Rb1 Bc5 32. Bxc5 bxc5 33. b4 cxb4 34. Rxb4 Bc6 35. c5 Kf7 36. Bb3 Ke7 37. h4 gxh4 38. Rxh4 Rc8 39. Rb4 Rc7 40. f3 Bd5 41. Rb5 Kd7 42. Kf2 Bxb3 43. axb3 Kc6 44. Ra5 Rb7 45. b4 Kd5 46. Kg3 Kc4 47. c6 Rc7 48. b5 Kc5 49. Kg4 Kb6 50. Ra2 Kxb5 51. Kh5 a5 52. Kg6 a4 53. g4 Kb4 54. Rb2+ Kc3 55. Rb7 Rxc6 56. Rxg7 e5 57. Ra7 Kb3 58. Rb7+ Ka2 59. Rb5 a3 60. Kf5 Ka1 61. g5 fxg5 62. Rxe5 Rc3 63. Kg4 Kb2 64. Re2+ Kb3 65. Re5 a2 66. Rb5+ Kc2 0-1